[Event "Early-Titled-Tuesday-Blitz-September-12-2023"]
[Site "Chess.com"]
[Date "2023.09.12"]
[Round "1"]
[White "yuki_chess123"]
[Black "Romkachess"]
[Result "1-0"]
[WhiteElo "2178"]
[BlackElo "2539"]
[TimeControl "180+1"]
[EndTime "8:07:31 PDT"]
[Termination "yuki_chess123 won by resignation"]

1. e4 c5 2. Nf3 d6 3. Bb5+ Bd7 4. c4 a6 5. Bxd7+ Qxd7 6. d4 cxd4 7. Nxd4 Nf6 8. Nc3 Nc6 9. Be3 e6 10. f3 Be7 11. O-O O-O 12. Rc1 Rfd8 13. Qe2 Nxd4 14.
Bxd4 Rac8 15. Rfd1 Qc6 16. b3 Nd7 17. Nd5 Bf8 18. Ne3 Nc5 19. Qb2 h5 20. b4 Nd7 21.
Qb3 b5 22. Rc2 bxc4 23. Nxc4 Qb5 24. a4 Qb8 25. Na5 Rxc2 26. Qxc2 Qa8 27. Nc6 Rc8 28. b5 axb5 29. axb5 Qb7 30. Rc1 Ra8 31. Qb3 Nc5 32.
Bxc5 dxc5 33. Qc4 Qb6 34. g3 Rc8 35. Kg2 Rc7 36. Rc2 Rd7 37. Ra2 g6 38. Ra8 Rd2+ 39.
Kh3 Qb7 40. Rxf8+ Kxf8 41. Qc3 Rd4 42. Qxc5+ Kg8 43. Nxd4 1-0

[Event "Early-Titled-Tuesday-Blitz-September-12-2023"]
[Site "Chess.com"]
[Date "2023.09.12"]
[Round "1"]
[White "tdf98pantani"]
[Black "ajedrezhoy"]
[Result "1-0"]
[WhiteElo "2737"]
[BlackElo "2417"]
[TimeControl "180+1"]
[EndTime "8:07:32 PDT"]
[Termination "tdf98pantani won on time"]

1. e4 Nf6 2. e5 Nd5 3. d4 d6 4. c4 Nb6 5. exd6 cxd6 6. Nc3 g6 7. Bg5 h6 8. Be3 Bg7 9. Qd2 Nc6 10. d5 Ne5 11. b3 Ng4 12. Bd4 Nf6 13. Be2 O-O 14. Nf3 Bf5 15. O-O Nbd7 16. Rfe1 a6 17. Bf1 g5 18. h4 g4 19. Nh2 Bg6 20. Be2 h5 21. Nf1 Re8 22. Ng3 e5 23. dxe6 fxe6 24. Be3 Rc8 25. Qxd6 b5 26. Qxa6 bxc4 27. Bxc4 Bf7 28.
Rad1 Qc7 29. Nb5 Qc6 30. Qxc6 Rxc6 31. Nd6 Re7 32. Bg5 Kf8 33. a4 Nb6 34. Bb5 Rc3 35. a5 Nbd5 36. Bc4 Bg6 37. a6 Rc2 38. Nge4 Ra2 39.
Bxd5 Nxd5 40. Bxe7+ Kxe7 41. Rxd5 exd5 42. Nc3+ Kxd6 43.
Nxa2 Bd4 44. Rd1 Ba7 45. Nb4 Bf7 46. Rc1 d4 47. Nc6 Bb6 48. a7 Bxa7 49. Nxa7 Bxb3 50. Nb5+ Kd5 51. Nxd4 Kxd4 52. Kh2 Kd3 53. Kg3 Bf7 54. Rc5 Kd4 55. Rf5 Be8 56. Kf4 Kd3 57. Re5 Bf7 58.
Re7 1-0

[Event "Early-Titled-Tuesday-Blitz-September-12-2023"]
[Site "Chess.com"]
[Date "2023.09.12"]
[Round "1"]
[White "jk13"]
[Black "supereagles1201"]
[Result "1-0"]
[WhiteElo "2705"]
[BlackElo "2396"]
[TimeControl "180+1"]
[EndTime "8:07:34 PDT"]
[Termination "jk13 won on time"]

1. e4 c6 2. Nc3 d5 3. Nf3 dxe4 4. Nxe4 Nf6 5. Nxf6+ exf6 6. d4 Bd6 7. Bd3 O-O 8. O-O Re8 9. h3 Nd7 10. c4 Nf8 11. b3 Be6 12. Bb2 Qd7 13. Qc2 Bxh3 14.
Rfe1 Bg4 15. Nd2 Bh5 16. Ne4 Bg6 17. Re2 Ne6 18. Nxd6 Qxd6 19. Rae1 Qd7 20. Bf5 Qd6 21. Qe4 Bxf5 22. Qxf5 Qf8 23. d5 cxd5 24. cxd5 Nc5 25. Ba3 Rxe2 26. Rxe2 Qd6 27. Bxc5 Qxc5 28. Qd7 Qc1+ 29.
Kh2 Qh6+ 30. Kg3 Qg5+ 31. Kf3 Qh5+ 32. Ke3 Qg5+ 33. Kd3 h5 34. d6 Qd5+ 35. Kc2 Qc5+ 36. Kb1 Rc8 37. Re8+ Rxe8 38. Qxe8+ Kh7 39. d7 Qf5+ 40.
Kc1 Qf4+ 41. Kd1 Qd4+ 42. Ke2 Qb2+ 43. Kf3 Qc3+ 44. Ke2 Qb2+ 45. Kd3 Qb1+ 46. Kc4 Qc2+ 47. Kd5 Qd3+ 48. Kc5 Qc3+ 49. Kd6 1-0

[Event "Early-Titled-Tuesday-Blitz-September-12-2023"]
[Site "Chess.com"]
[Date "2023.09.12"]
[Round "1"]
[White "Al_Shima"]
[Black "twofoxniel"]
[Result "0-1"]
[WhiteElo "2331"]
[BlackElo "2634"]
[TimeControl "180+1"]
[EndTime "8:07:34 PDT"]
[Termination "twofoxniel won on time"]

1. b3 d5 2. Bb2 c6 3. e3 Bf5 4. f4 e6 5. Be2 h6 6. d3 a5 7. a4 Nd7 8. Nd2 Qb6 9. Nf1 Ngf6 10. g4 Bg6 11. h4 Bb4+ 12. Kf2 O-O-O 13. Ng3 Bc5 14. Qd2 Rde8 15. g5 hxg5 16. fxg5 Nh5 17.
Bxh5 Bxh5 18. Bxg7 Rh7 19. Nxh5 Rxh5 20. Nf3 e5 21. d4 Bd6 22. Bxe5 Nxe5 23. Nxe5 Bxe5 24. dxe5 Rxe5 25. Qd4 Qxd4 26. exd4 Re4 27. Kg3 Rxd4 28. Raf1 Rh7 29. Rf2 Re4 30. h5 Kd7 31. Rh4 Re5 32. g6 fxg6 33. hxg6 Rg7 34. Rh7 Ree7 35. Rxg7 Rxg7 36.
Rf6 Ke7 37. Rf4 Rxg6+ 38. Kf3 Rf6 39. Rxf6 Kxf6 40. Ke3 Ke5 41. Kd3 c5 42. Kc3 Ke4 43. Kd2 d4 44. Ke2 b6 45. Kd2 Ke5 46. Ke2 Kd5 47. Kd3 Ke5 48. Ke2 Ke4 49.
Kd2 Kf3 50. Kd3 Kf2 51. Kd2 Kf3 52. Kd3 Kf4 53. Kd2 Ke4 54. Ke2 Kd5 55. Kd3 Kd6 56.
Kc4 Kc6 57. Kd3 b5 0-1

[Event "Early-Titled-Tuesday-Blitz-September-12-2023"]
[Site "Chess.com"]
[Date "2023.09.12"]
[Round "1"]
[White "ploxoi"]
[Black "The_Machine04"]
[Result "0-1"]
[WhiteElo "2363"]
[BlackElo "2658"]
[TimeControl "180+1"]
[EndTime "8:07:36 PDT"]
[Termination "The_Machine04 won by checkmate"]

1. d4 d6 2. c4 e5 3. d5 f5 4.
Nc3 Nf6 5. e4 Nxe4 6. Nxe4 fxe4 7.
Ne2 Bf5 8. Ng3 Bg6 9. h4 h6 10. Qg4 Bh7 11. Nxe4 Nd7 12. Bd3 Nf6 13. Qe6+ Qe7 14.
Nxf6+ gxf6 15. Qxe7+ Bxe7 16. Bxh7 Rxh7 17. g4 h5 18. f3 Kf7 19. Kf2 Rg8 20. Kg3 hxg4 21. fxg4 f5 22. g5 f4+ 23. Bxf4 exf4+ 24. Kxf4 Rgh8 25.
Kg4 Kg6 26. Rae1 Bxg5 27. Re6+ Bf6 28. h5+ Rxh5 29. Rxh5 Rxh5 30. Rxf6+ Kxf6 31. Kxh5 Ke5 32. Kg6 Kd4 33. b3 c6 34. Kf5 cxd5 35. Ke6 dxc4 36. bxc4 Kxc4 37. Kxd6 a5 38. Kc7 b5 39. Kb6 a4 40. Ka5 Kc5 41. a3 Kc4 42. Ka6 b4 43.
Ka5 bxa3 44. Kxa4 a2 45. Ka5 a1=Q+ 46. Kb6 Qb2+ 47. Kc6 Qd4 48. Kb7 Qd5+ 49. Kc8 Qf7 50. Kb8 Kc5 51. Kc8 Kb6 52. Kd8 Kc6 53. Kc8 Qf8# 0-1

[Event "Early-Titled-Tuesday-Blitz-September-12-2023"]
[Site "Chess.com"]
[Date "2023.09.12"]
[Round "1"]
[White "TatjanaVasilevich"]
[Black "vedantgoswami"]
[Result "1/2-1/2"]
[WhiteElo "2601"]
[BlackElo "2321"]
[TimeControl "180+1"]
[EndTime "8:07:38 PDT"]
[Termination "Game drawn by repetition"]

1. Nf3 Nf6 2. b3 d6 3. d4 Bg4 4. Bb2 Bxf3 5. exf3 e6 6. f4 g6 7. g3 Bg7 8. Bg2 Nc6 9. O-O O-O 10. c4 Re8 11.
Re1 Qd7 12. Nc3 d5 13. c5 b6 14. cxb6 axb6 15. Rc1 Rec8 16. a3 Na5 17. Bf1 c5 18.
Na4 Qa7 19. dxc5 bxc5 20. Re3 Rab8 21. Qc2 c4 22. b4 Nb3 23. Rxb3 Qxa4 24. Rf3 Qxc2 25.
Rxc2 Ne4 26. Bxg7 Kxg7 27. Re3 Ra8 28. Bxc4 Nxg3 29. fxg3 dxc4 30. Rec3 Kf6 31. Kf2 e5 32. Kf3 exf4 33. Kxf4 h6 34. Rxc4 Rxc4+ 35. Rxc4 Rxa3 36.
Rc6+ Ke7 37. Rb6 Rb3 38. b5 Rb2 39. h4 Kf8 40. Ke5 Kg7 41. Rb7 Rb3 42. Kf4 Rb4+ 43. Kf3 Rb3+ 44. Kg2 Rb2+ 45. Kh3 h5 46. b6 Rb3 47. Rb8 Rb2 48. b7 Rb3 49. Kg2 Rb2+ 50. Kf3 Rb3+ 51. Ke4 Rb4+ 52. Kd5 Rb1 53. Kc6 Rc1+ 54.
Kd7 Rd1+ 55. Ke7 Re1+ 56. Kd6 Rd1+ 57. Kc5 Rc1+ 58. Kd4 Rb1 59. Ke4 Rb2 60. Kd4 Rb1 61. Kc3 Rb6 62. Kd4 Rb1 1/2-1/2

[Event "Early-Titled-Tuesday-Blitz-September-12-2023"]
[Site "Chess.com"]
[Date "2023.09.12"]
[Round "1"]
[White "PapiPapita"]
[Black "HrvojeZagreb"]
[Result "1-0"]
[WhiteElo "2573"]
[BlackElo "2246"]
[TimeControl "180+1"]
[EndTime "8:07:38 PDT"]
[Termination "PapiPapita won by resignation"]

1. d4 e6 2. Nf3 f5 3. g3 Nf6 4. Bg2 Be7 5. O-O O-O 6. c4 d6 7. Nc3 Ne4 8. Nxe4 fxe4 9. Ne1 d5 10.
f3 c5 11. Be3 cxd4 12. Bxd4 Nc6 13. Bf2 dxc4 14. Qc2 b5 15. Rd1 Qc7 16. Qxe4 e5 17. f4 Bb7 18. fxe5 Na5 19. Qe3 Bxg2 20. Nxg2 Nb7 21.
Qe4 Bc5 22. Ne3 Rae8 23. e6 Qb6 24. Nf5 Rxe6 25. Qd5 Rd8 26. Bxc5 Rxd5 27. Bxb6 Rxd1 28. Rxd1 Rxb6 29. Rd7 g6 30. Ne7+ Kf8 31. Nd5 Rd6 32. Rxh7 Rxd5 33. Rxb7 Rd2 34. Rxb5 Rxe2 35. Rb7 g5 36. h4 gxh4 37. gxh4 a5 38. a3 a4 39. h5 Kg8 40. Rb4 Rc2 41. Kf1 c3 42. bxc3 Rxc3 43. Rxa4 Rh3 44. Ra5 Kh7 45. Kg2 Kh6 46. Kxh3 1-0

[Event "Early-Titled-Tuesday-Blitz-September-12-2023"]
[Site "Chess.com"]
[Date "2023.09.12"]
[Round "1"]
[White "Aradhya2000"]
[Black "Rakitic2010"]
[Result "1/2-1/2"]
[WhiteElo "2692"]
[BlackElo "2401"]
[TimeControl "180+1"]
[EndTime "8:07:39 PDT"]
[Termination "Game drawn - insufficient material"]

1. d4 Nf6 2. c4 e6 3. Bg5 h6 4.
Bh4 Bb4+ 5. Nd2 g5 6. Bg3 Ne4 7. Nf3 f5 8. e3 b6 9. a3 Bxd2+ 10. Nxd2 Nf6 11. h4 g4 12. h5 Bb7 13. Qc2 d6 14. O-O-O Nbd7 15. f3 gxf3 16. gxf3 Qe7 17. Bd3 O-O-O 18. e4 fxe4 19. Nxe4 e5 20. Nxf6 Qxf6 21.
Bh4 Qf4+ 22. Kb1 Bxf3 23. Rdf1 Rdf8 24. c5 dxc5 25. d5 Qd4 26. Rh2 Bxd5 27. Re1 e4 28. Bxe4 Bxe4 29. Rxe4 Rf1+ 30. Ka2 Qd5+ 31. b3 Rhf8 32.
Rd2 Qc6 33. Re7 Nf6 34. Qc4 b5 35. Qe6+ Qxe6 36. Rxe6 Nxh5 37. Rxh6 Nf4 38. Rc6 Kb7 39. Rxc5 a6 40. Bg3 Ne6 41. Re5 R1f6 42. a4 Rd8 43. Rxd8 Nxd8 44. axb5 axb5 45. Rxb5+ Kc6 46. Re5 Ne6 47.
Re4 Nc5 48. Rc4 Kb5 49. Bxc7 Rf2+ 50. Ka3 Rf3 51. Rb4+ Kc6 52. Ba5 Rxb3+ 53. Rxb3 Nxb3 1/2-1/2

[Event "Early-Titled-Tuesday-Blitz-September-12-2023"]
[Site "Chess.com"]
[Date "2023.09.12"]
[Round "1"]
[White "YairParkhov"]
[Black "NowInChess"]
[Result "1-0"]
[WhiteElo "2590"]
[BlackElo "2274"]
[TimeControl "180+1"]
[EndTime "8:07:39 PDT"]
[Termination "YairParkhov won on time"]

1. e4 e6 2. d3 d5 3. Nd2 Nf6 4. Ngf3 Nc6 5. g3 dxe4 6. dxe4 e5 7. Bg2 Bc5 8. O-O O-O 9. c3 a5 10. Qe2 Qe7 11. a4 b6 12. b3 Ba6 13. Nc4 Ne8 14. Bg5 f6 15. Be3 Bxe3 16. Qxe3 Bxc4 17. bxc4 Nd8 18. Nh4 Ne6 19. Rad1 Nd6 20. Qe2 Nc5 21. Nf5 Qe6 22. h4 g6 23. Nxd6 cxd6 24. Ra1 Rfd8 25. Rfd1 Qe8 26. Qc2 Qe6 27. Bf1 Qg4 28. Bg2 Qe6 29. Rd5 Kg7 30. Rad1 Ra7 31. R1d2 Rad7 32. h5 f5 33. Bh3 Kf6 34. exf5 gxf5 35. f4 e4 36.
Rxf5+ Qxf5 37. Bxf5 Kxf5 38. Rd5+ Kf6 39. Qd1 Rg8 40.
Qd4+ Ke7 41. Rg5 Rxg5 42. fxg5 Ne6 43. Qf6+ Ke8 44. Qxe6+ Kd8 45. Qxe4 Kc7 46. g6 hxg6 47. Qxg6 Re7 48. h6 1-0

[Event "Early-Titled-Tuesday-Blitz-September-12-2023"]
[Site "Chess.com"]
[Date "2023.09.12"]
[Round "1"]
[White "itsdsyr"]
[Black "IamSchrodingersCat"]
[Result "1-0"]
[WhiteElo "2202"]
[BlackElo "2541"]
[TimeControl "180+1"]
[EndTime "8:07:39 PDT"]
[Termination "itsdsyr won by resignation"]

1. d4 Nf6 2. c4 e5 3. dxe5 Ng4 4. Bf4 g5 5. Bg3 Bg7 6. Nf3 Nc6 7. Nc3 Ngxe5 8.
Nxe5 Nxe5 9. e3 d6 10. Be2 O-O 11. O-O Be6 12. Nd5 c6 13. Nc3 Nxc4 14. Bxc4 Bxc4 15. Bxd6 Bxf1 16. Bxf8 Bxc3 17. bxc3 Bxg2 18. Kxg2 Kxf8 19. Rb1 Qxd1 20. Rxd1 Ke7 21. Kg3 Rd8 22. Rxd8 Kxd8 23. Kg4 f6 24. Kh5 b5 25. Kh6 a5 26. Kxh7 b4 27. cxb4 axb4 28. Kg6 c5 29. Kf5 c4 30.
Ke4 c3 31. Kd3 Ke7 32. Kc2 Kd6 33. f3 f5 34. h3 Kc5 35. a3 bxa3 36. Kxc3 Kd5 37. Kb3 f4 38. e4+ Kd4 39. Kxa3 Ke3 40. e5 Kxf3 41. e6 Kg3 42. e7 Kxh3 43. e8=Q f3 44.
Qh5+ Kg2 45. Qxg5+ Kh2 46. Qf4+ Kg2 47. Qg4+ Kf2 48. Kb3 1-0

[Event "Early-Titled-Tuesday-Blitz-September-12-2023"]
[Site "Chess.com"]
[Date "2023.09.12"]
[Round "1"]
[White "Quattroporte300"]
[Black "wqws"]
[Result "0-1"]
[WhiteElo "2394"]
[BlackElo "2702"]
[TimeControl "180+1"]
[EndTime "8:07:40 PDT"]
[Termination "wqws won by resignation"]

1. e4 c5 2. Nf3 d6 3. d4 cxd4 4. Nxd4 Nf6 5. Nc3 a6 6. h3 e5 7.
Nde2 h5 8. Bg5 Be6 9. Bxf6 Qxf6 10. Nd5 Qd8 11. Qd3 Nd7 12. O-O-O Rc8 13. Kb1 g6 14. g3 Bg7 15. Bg2 O-O 16. f4 Nc5 17. Qe3 exf4 18. Nexf4 Na4 19. c3 b5 20. Nxe6 fxe6 21. Nf4 Nxb2 22.
Nxe6 Nxd1 23. Rxd1 Qa5 24. Nxg7 Rxc3 25. Qd4 Rc4 26. Qxd6 Qb4+ 27. Qxb4 Rxb4+ 28. Ka1 Kxg7 29. a3 Rb3 30. Ka2 Re3 31. Rd2 Rxg3 32. e5 Re3 33.
Bb7 Rxe5 34. Bxa6 Rf3 35. h4 Rh3 36. Rb2 Rxh4 37. Bxb5 Rh3 38. a4 Ree3 39. Rc2 Ra3+ 40. Kb2 Rhb3+ 41. Kc1 Rc3 42. Kb2 Rxc2+ 43. Kxa3 h4 44. a5 h3 45. a6 h2 46. a7 h1=Q 0-1

[Event "Early-Titled-Tuesday-Blitz-September-12-2023"]
[Site "Chess.com"]
[Date "2023.09.12"]
[Round "1"]
[White "BeautiFullMindChess"]
[Black "ChainedDowntohell"]
[Result "0-1"]
[WhiteElo "2193"]
[BlackElo "2561"]
[TimeControl "180+1"]
[EndTime "8:07:40 PDT"]
[Termination "ChainedDowntohell won on time"]

1. e4 c5 2. Nf3 g6 3. d4 cxd4 4. Nxd4 Bg7 5. Nc3 Nc6 6. Be3 Nf6 7. Bc4 Qa5 8. O-O O-O 9. Bb3 d6 10. h3 Bd7 11. f4 Rfc8 12. Nf3 Qc7 13. Qe1 Na5 14. Qh4 Nxb3 15. axb3 Bc6 16. e5 Bxf3 17. exf6 Bxf6 18. Qg3 Bc6 19. f5 d5 20. Bf4 Qb6+ 21. Kh1 d4 22. Nd1 Be4 23. fxg6 hxg6 24. Nf2 Bxc2 25.
Ng4 Be4 26. Rae1 Bf5 27. Nh6+ Kf8 28. Nxf5 gxf5 29. Bh6+ Ke8 30. Qg8+ Kd7 31. Qxf7 Qd6 32. Rxf5 Kc6 33. Qc4+ Kd7 34. Qb5+ Qc6 35. Rd5+ Ke8 36. Qxc6+ Rxc6 37. Bf4 Rac8 38. Rf5 Kf7 39. Rh5 Rc2 0-1

[Event "Early-Titled-Tuesday-Blitz-September-12-2023"]
[Site "Chess.com"]
[Date "2023.09.12"]
[Round "1"]
[White "Mr_Lion22"]
[Black "tsaruk_maks"]
[Result "0-1"]
[WhiteElo "2431"]
[BlackElo "2761"]
[TimeControl "180+1"]
[EndTime "8:07:41 PDT"]
[Termination "tsaruk_maks won by resignation"]

1. d4 Nf6 2. c4 e6 3. Nc3 d5 4.
cxd5 exd5 5. Bg5 c6 6. e3 Be7 7.
Bd3 O-O 8. Qc2 Nbd7 9. Nf3 Re8 10. O-O-O Bb4 11. Bxh7+ Kh8 12. Bd3 Qa5 13. Kb1 Bxc3 14. Qxc3 Qxc3 15. bxc3 Ne4 16. Bxe4 Rxe4 17. Nd2 Rg4 18.
Bf4 Rxg2 19. Bg3 Nf6 20. Rdf1 Bf5+ 21. Kc1 Re8 22. Nf3 Bd3 23. Re1 Ne4 24. Nh4 Rxf2 25.
Bxf2 Nxf2 26. Rhg1 Bh7 27. Re2 Ne4 28. Kb2 Re6 29.
Nf3 c5 30. Ng5 Rb6+ 31. Ka1 Nxg5 32. Reg2 Nf3 33. Rf1 c4 34. Rgf2 Ng5 35. h4 Ne4 36. Rxf7 Nxc3 37. Rf8+ Bg8 38. Rc1 Ne4 39. Rb8 c3 40. a4 Kh7 41. a5 Rb5 42. Rf1 Be6 0-1

[Event "Early-Titled-Tuesday-Blitz-September-12-2023"]
[Site "Chess.com"]
[Date "2023.09.12"]
[Round "1"]
[White "Shuvalov"]
[Black "AlexPapasimakopoulos"]
[Result "0-1"]
[WhiteElo "2429"]
[BlackElo "2758"]
[TimeControl "180+1"]
[EndTime "8:07:41 PDT"]
[Termination "AlexPapasimakopoulos won by resignation"]

1. d4 d5 2. c4 e6 3. Nc3 a6 4. c5 e5 5. dxe5 d4 6. Na4 Nc6 7. Nf3 Bg4 8. e3 Nxe5 9. exd4 Bxf3 10. gxf3 Qxd4 11. Be3 Qxd1+ 12. Rxd1 Nxf3+ 13. Ke2 Ne5 14. Bg2 Nc6 15. Rhe1 Be7 16. Kf1 Rd8 17. a3 Nf6 18.
b4 O-O 19. Bf4 Rxd1 20. Rxd1 Rc8 21. Bh3 Rd8 22. Re1 Nd5 23. Bg3 Kf8 24. Bg2 f5 25. Bxd5 Rxd5 26. Bxc7 Rd3 27. Re3 Rxe3 28. fxe3 Kf7 29.
Nb6 Ke6 30. Ke2 Bf6 31. Kd3 Bb2 32. Nc4 Bf6 33. Bg3 g5 34. Nd6 Nd8 35. Kc4 Be7 36. Nc8 h5 37. a4 h4 38. Be1 Bf6 39. b5 g4 40. Nd6 axb5+ 41. axb5 h3 42. Bg3 Be5 43. Bxe5 Kxe5 44. b6 g3 45. Nxb7 Nxb7 46. c6 Nd6+ 47. Kc5 gxh2 48. b7 h1=Q 49. b8=Q Qc1+ 50. Kb6 Qb2+ 51. Kc7 Qxb8+ 52. Kxb8 h2 53. c7 h1=Q 54. c8=Q Nxc8 55. Kxc8 Qc6+ 0-1

[Event "Early-Titled-Tuesday-Blitz-September-12-2023"]
[Site "Chess.com"]
[Date "2023.09.12"]
[Round "1"]
[White "IngOscarArdila"]
[Black "GianmarcoVaR"]
[Result "1-0"]
[WhiteElo "2319"]
[BlackElo "2605"]
[TimeControl "180+1"]
[EndTime "8:07:41 PDT"]
[Termination "IngOscarArdila won by resignation"]

1. d4 Nf6 2. c4 e6 3. Nc3 Bb4 4.
Bd2 O-O 5. Nf3 b6 6. e3 Bb7 7. Be2 c5 8. O-O cxd4 9. Nxd4 Be7 10. Bf3 Qc8 11. Rc1 d6 12. b3 Nbd7 13. Bxb7 Qxb7 14. Qf3 Qxf3 15. gxf3 Rfc8 16. e4 Ne5 17. Kg2 a6 18. Be3 Rab8 19. Rfd1 h6 20. h3 Ng6 21. f4 Ne8 22. f5 Nf8 23. f4 Bf6 24. Kf3 Rc7 25. Na4 Rcc8 26. Ne2 Bd8 27. Rg1 b5 28. Nb2 Bf6 29. Nd3 exf5 30. e5 Be7 31. Nd4 dxe5 32. Nxe5 bxc4 33. Nxf5 Bf6 34. Nxh6+ Kh7 35. Nhxf7 cxb3 36. axb3 Rxc1 37. Rxc1 Ne6 38. Ng5+ Nxg5+ 39. fxg5 Bxe5 40.
Kg4 Rb4+ 41. Kf5 Bb2 42. g6+ Kg8 43. Rc8 Kf8 44. Bc5+ Kg8 45. Bxb4 1-0

[Event "Early-Titled-Tuesday-Blitz-September-12-2023"]
[Site "Chess.com"]
[Date "2023.09.12"]
[Round "1"]
[White "Fh2411"]
[Black "FredddieCroderg"]
[Result "1-0"]
[WhiteElo "2590"]
[BlackElo "2276"]
[TimeControl "180+1"]
[EndTime "8:07:44 PDT"]
[Termination "Fh2411 won by resignation"]

1. d4 d6 2. Nf3 Bg4 3. Nbd2 Nd7 4. h3 Bh5 5. e3 e5 6. Be2 Ngf6 7. O-O Be7 8. b3 O-O 9. Bb2 exd4 10. exd4 Re8 11. Re1 d5 12. Ne5 Bxe2 13. Rxe2 Bd6 14. c4 c6 15. Qc2 Qc7 16. Rae1 Nf8 17. Ng4 Rxe2 18. Nxf6+ gxf6 19. Rxe2 Ng6 20. g3 Qd7 21. Kg2 f5 22. Nf3 f4 23. g4 dxc4 24. bxc4 Re8 25.
Rxe8+ Qxe8 26. d5 Ne5 27. Qe4 f6 28. c5 Bxc5 29. dxc6 Qxc6 30. Qxf4 Qxf3+ 31. Qxf3 Nxf3 32. Kxf3 Kf7 33. Ke2 Ke6 34. f4 Bd6 35. Kf3 Bc5 36.
Ke4 Be7 37. h4 Kd7 38. f5 Kc6 39. Bc1 b5 40. g5 b4 41. g6 hxg6 42. fxg6 Bf8 43.
h5 a5 44. h6 a4 45. g7 Bc5 46. g8=Q Kb5 47. Qd5 Ka5 48. Qxc5+ 1-0

[Event "Early-Titled-Tuesday-Blitz-September-12-2023"]
[Site "Chess.com"]
[Date "2023.09.12"]
[Round "1"]
[White "Mikedannnn"]
[Black "Kapitan_Bayan"]
[Result "1-0"]
[WhiteElo "2560"]
[BlackElo "2192"]
[TimeControl "180+1"]
[EndTime "8:07:47 PDT"]
[Termination "Mikedannnn won on time"]

1. e4 c5 2. Nf3 d6 3. d4 cxd4 4.
Nxd4 Nf6 5. Nc3 a6 6. f4 e5 7. Nf3 Nbd7 8. a4 Be7 9. Bc4 O-O 10. O-O Qc7 11. Qe2 b6 12. Nh4 Bb7 13. Nf5 Nc5 14. fxe5 dxe5 15. Nxe7+ Qxe7 16. Bg5 Ne6 17. Bxf6 gxf6 18.
Bd5 Nd4 19. Qg4+ Kh8 20. Bxb7 Qxb7 21. Qh4 Rg8 22. Qxf6+ Rg7 23. Nd5 Nxc2 24. Rac1 Rc8 25. Ne7 Qxe4 26. Rf2 Re8 27. Nf5 Rg8 28. Rfxc2 h5 29.
Rf2 Qd5 30. Qh6+ Rh7 31. Qf6+ Rhg7 32. Nxg7 Rxg7 33. Re1 Kg8 34. Rxe5 Qd1+ 35. Rf1 Qd4+ 36. Kh1 Qd2 37. Re8+ Kh7 38. Qf5+ Kh6 39. Qe4 Rg6 40. Rh8+ 1-0

[Event "Early-Titled-Tuesday-Blitz-September-12-2023"]
[Site "Chess.com"]
[Date "2023.09.12"]
[Round "1"]
[White "BlueWizzard"]
[Black "ejam94"]
[Result "1-0"]
[WhiteElo "2978"]
[BlackElo "2520"]
[TimeControl "180+1"]
[EndTime "8:07:48 PDT"]
[Termination "BlueWizzard won by resignation"]

1. d4 Nf6 2. Nc3 d5 3. Nf3 g6 4. g3 Bg7 5. Bg2 O-O 6. O-O c5 7. Bf4 Nc6 8. dxc5 d4 9. Na4 Nd5 10. Bd2 e5 11. c3 Qe7 12. Qb3 dxc3 13. Bg5 Qe6 14. e4 Nc7 15. Qxc3 Nb5 16. Qd3 Nbd4 17. Nc3 h6 18. Be3 Qe7 19. Rac1 Qxc5 20. Nxd4 exd4 21. Nd5 Qa5 22. Bd2 Qd8 23. Bf4 Bg4 24.
h3 Be6 25. Nc7 Rc8 26. Nxe6 fxe6 27. a3 g5 28. Bd2 Ne5 29. Qb3 Qd7 30. f4 gxf4 31. gxf4 Rxc1 32. Bxc1 Nc6 33. e5 Kh8 34. Qd3 Ne7 35. Kh2 Nf5 36. Be4 Rc8 37. Rg1 a6 38.
Bd2 Qf7 39. Qf3 Qd7 40. Qg4 Qf7 41. a4 Rc7 42. b4 b6 43. Bd3 b5 44. axb5 axb5 45.
Ra1 Ne3 46. Bxe3 dxe3 47. Qf3 Bxe5 48. Ra8+ Kg7 49. Qg3+ Kf6 50. fxe5+ Ke7 51. Qh4+ Kd7 52. Qd8+ Kc6 53. Be4+ Kb6 54. Qd6+ 1-0

[Event "Early-Titled-Tuesday-Blitz-September-12-2023"]
[Site "Chess.com"]
[Date "2023.09.12"]
[Round "1"]
[White "Jaka_Brilej"]
[Black "Egor_Koshulyan"]
[Result "1-0"]
[WhiteElo "2438"]
[BlackElo "2732"]
[TimeControl "180+1"]
[EndTime "8:07:48 PDT"]
[Termination "Jaka_Brilej won by resignation"]

1. d4 Nf6 2. Bg5 d5 3. Bxf6 gxf6 4. e3 c5 5. dxc5 e5 6. Nc3 Be6 7. Qf3 e4 8. Qh5 Bxc5 9. O-O-O Rg8 10. Qxh7 Ke7 11. Nge2 Qf8 12. Nxd5+ Bxd5 13. Rxd5 Rg5 14. Qxe4+ Re5 15. Rxe5+ fxe5 16. Qxe5+ Kd7 17. Qd5+ Kc7 18. Nc3 Nc6 19. Nb5+ Kb6 20. Nc3 Rd8 21. Na4+ Kc7 22. Qxc5 Qg7 23. Nc3 Qg4 24. Bb5 Qxg2 25. Rd1 Re8 26.
Bxc6 Qxc6 27. Qxc6+ Kxc6 28. Rd4 Rh8 29. Rf4 Rxh2 30.
Rxf7 b5 31. a3 a5 32. Rf6+ Kc5 33. Rf5+ Kc4 34. Kd2 a4 35. Rf4+ Kc5 36. Rf5+ Kc4 37. e4 b4 38. axb4 a3 39. Rc5+ Kd4 40. Rd5+ Kc4 41.
Rc5+ Kd4 42. Ne2+ Kxe4 43. bxa3 Rxf2 44. Rc4+ Kd5 45. Rd4+ Kc6 46. c3 Kb5 47. Rd5+ Kc4 48. Rc5+ Kb3 49. b5 Kxa3 50. b6 Rf6 51. Rb5 Ka4 52. Rb4+ Ka5 53. b7 Rf8 54. b8=Q Rxb8 55. Rxb8 1-0

[Event "Early-Titled-Tuesday-Blitz-September-12-2023"]
[Site "Chess.com"]
[Date "2023.09.12"]
[Round "1"]
[White "angryspacevoid"]
[Black "VOneChess"]
[Result "0-1"]
[WhiteElo "2543"]
[BlackElo "2277"]
[TimeControl "180+1"]
[EndTime "8:07:48 PDT"]
[Termination "VOneChess won by resignation"]

1. c4 e5 2. Nc3 Nc6 3. g3 f5 4. Bg2 Nf6 5. Nf3 e4 6. Ng1 g6 7. d3 exd3 8. Qxd3 Bg7 9. Bg5 O-O 10. h4 h6 11. Bf4 d6 12. Qd2 Re8 13. Bxh6 Be6 14. Qg5 Ne5 15. Bxg7 Kxg7 16. h5 Rh8 17. f4 Nf7 18. Qxg6+ Kf8 19. h6 Rg8 20. Qxg8+ Kxg8 21. Nf3 Ng4 22. h7+ Kh8 23. Rh4 Ne3 24. Kf2 Nxg2 25.
Kxg2 Bxc4 26. Nd4 Qf6 27. e3 Re8 28. Kf2 c5 29. Nf3 d5 30. Rd1 d4 31. exd4 cxd4 32. Rxd4 Be6 33. Rh5 b6 34. Nb5 Bc8 35. Nc7 Rd8 36. Nd5 Qg7 37. Ng5 Nxg5 38. Rxg5 Qxd4+ 39. Kg2 Qxd5+ 40. Kh3 Qf7 41. Kh4 Qxh7+ 42. Rh5 Qxh5+ 43.
Kxh5 Rd2 44. Kg5 Rxb2 45. Kf6 Rxa2 0-1

[Event "Early-Titled-Tuesday-Blitz-September-12-2023"]
[Site "Chess.com"]
[Date "2023.09.12"]
[Round "1"]
[White "Barmen_EV"]
[Black "AlexanderL"]
[Result "0-1"]
[WhiteElo "2477"]
[BlackElo "2850"]
[TimeControl "180+1"]
[EndTime "8:07:50 PDT"]
[Termination "AlexanderL won by checkmate"]

1. d4 e6 2. c4 b6 3. e4 Bb4+ 4. Bd2 Bxd2+ 5. Qxd2 d5 6. Bd3 Nc6 7. Ne2 dxe4 8. Bxe4 Bb7 9. O-O Nf6 10. Bf3 O-O 11.
Nbc3 Qe7 12. Rad1 Rad8 13. Qe3 Ba8 14. Rfe1 Na5 15. b3 Bxf3 16. Qxf3 Rfe8 17. Nf4 Qd7 18.
h3 c6 19. g4 h6 20. Re5 Qe7 21. h4 Nd7 22. Rh5 e5 23. Re1 Qd6 24. Ne4 Qxd4 25.
Rd1 Qb2 26. Nd6 Rf8 27. Ng2 Nc5 28. g5 e4 29. Qg4 g6 30. gxh6 Qf6 31. Qg3 Nab7 32.
h7+ Kh8 33. Rg5 Nxd6 34. h5 Nf5 35. Qg4 Rxd1+ 36. Qxd1 Qxg5 37. Qe2 gxh5 38. f4 exf3 39. Qxf3 Kxh7 40. Qf2 Rg8 41. Kh2 Qxg2+ 42. Qxg2 Rxg2+ 43. Kxg2 Nd3 44. Kf3 Nc1 45. a4 Nxb3 46. Kf4 Kg6 47. a5 Nxa5 48. Ke5 Nxc4+ 49. Ke4 Ncd6+ 50. Kd3 c5 51.
Kc3 b5 52. Kd3 a5 53. Kc3 a4 54. Kb2 b4 55. Ka2 c4 56. Kb2 Ne4 57. Kc2 Ne3+ 58. Kb2 c3+ 59. Ka2 Nd2 60. Ka1 Nc2+ 61. Ka2 b3# 0-1

[Event "Early-Titled-Tuesday-Blitz-September-12-2023"]
[Site "Chess.com"]
[Date "2023.09.12"]
[Round "1"]
[White "Herman-NY"]
[Black "Sina_Movahed"]
[Result "0-1"]
[WhiteElo "2529"]
[BlackElo "3061"]
[TimeControl "180+1"]
[EndTime "8:07:52 PDT"]
[Termination "Sina_Movahed won by resignation"]

1. e4 c5 2. Nf3 d6 3. d4 cxd4 4. Nxd4 Nf6 5. Nc3 a6 6. Bc4 g6 7. f3 Bg7 8. Be3 b5 9. Bb3 Bb7 10. Qd2 Nbd7 11. Bh6 Bxh6 12. Qxh6 e6 13. O-O-O Qe7 14.
Rhe1 O-O-O 15. a3 Nc5 16. Ba2 Nfd7 17. b4 Na4 18. Nxa4 bxa4 19. c4 Kb8 20. Kb1 Rc8 21.
Rc1 Ne5 22. Qe3 Rc7 23. Rc2 Rhc8 24. Rec1 h5 25. h3 g5 26. g3 g4 27. hxg4 hxg4 28.
f4 Nd7 29. Ka1 Qf6 30. Rc3 Qg6 31. Bb1 Qf6 32. Ka2 Nb6 33. Bd3 Nd7 34. R1c2 Qh8 35.
Ne2 e5 36. f5 Qd8 37. Rc1 Rc6 38. R3c2 Nb6 39. Rc3 f6 40. Qh6 Qe7 41. Kb2 a5 42. b5 Rc5 43. Qe3 Qf7 44. R1c2 R8c7 45. Qc1 Bc8 46. Ka1 Kb7 47. Qe3 Bd7 48. Qc1 Qf8 49.
Qd2 Be8 50. Kb2 Bf7 51. Nc1 Qg8 52. Kb1 Bxc4 53. Bxc4 Nxc4 54. Rxc4 Rxc4 55. Rxc4 Qxc4 56. Qxa5 Qxc1+ 0-1